AoeStats
← FxFlashmob

Arabia

509439008Analyzed
1v1 RM · 6d ago on Sep 26, 2026· 41m 20s· 2 players
Game mode
Random Map
Map size
Tiny (2 player)
Population
200
Speed
Normal
Resources
Standard
Victory
Conquest
Starting age
Dark Age
Ending age
Imperial Age
RankedLock teamsTeams togetherTeam positionsShared explorationLock speedFull tech treeHidden civsTurbo modeCheats
Victory
Defeat
🇩🇪 Chinese · Germany
1377
+15
🇨🇴 Danes · Colombia
1365
-15
JacobHaftel89
7:13 Loom
9:15 Feudal Age
10:07 Double-Bit Axe
11:33 Horse Collar
15:08 Padded Archer Armor
14:58 Fletching
21:03 Castle Age
24:47 Wheelbarrow
25:13 Elite Skirmisher
29:08 Bodkin Arrow
30:00 Forging
29:50 Scale Mail Armor
34:25 Chain Mail Armor
35:02 Leather Archer Armor
35:08 Squires
35:44 Iron Casting
FxFlashmob
0:28 Loom
8:50 Feudal Age
12:51 Fletching
14:05 Double-Bit Axe
18:18 Bloodlines
18:55 Padded Archer Armor
25:48 Castle Age
24:30 Gold Mining
25:38 Scale Barding Armor
25:43 Forging
26:21 Crossbowman
27:02 Bodkin Arrow
27:39 Chain Barding Armor
27:21 Horse Collar
28:35 Bow Saw
30:25 Wheelbarrow
31:35 Iron Casting
32:36 Hand Cart
35:10 Husbandry
35:27 Leather Archer Armor
40:14 Imperial Age
38:20 Town Watch
Connection lost

Rejoining the realm…

Still unreachable

The connection could not be restored.

Session expired

The server has moved on; the page needs a fresh start.